 Dungeon Crawl Stone Soup version 0.31-a0-795-g5eb97db20b (webtiles) character file.

Game seed: 4975032292113932699

1292 Maratek the Ruffian (level 8, 0/75 HPs)
             Began as a Troll Fighter on Sept 18, 2023.
             Was an Initiate of Trog.
             Succumbed to an orc wizard's poison
             ... on level 6 of the Dungeon.
             The game lasted 00:06:46 (4704 turns).

Maratek the Ruffian (Troll Fighter)                 Turns: 4704, Time: 00:06:46

Health: 0/75       AC:  4    Str: 27    XL:     8   Next: 30%
Magic:  7/7        EV:  9    Int:  4    God:    Trog [......]
Gold:   258        SH:  8    Dex:  9    Spells: 7/7 levels left

rFire   . .          .
                       - Unarmed
rCold   . . .        b - +0 kite shield
rNeg    . . .        a - +0 robe
rPois   .            (helmet restricted)
rElec   .            q - scarf {shadows}
rCorr   .            (gloves unavailable)
SInv    .            (boots unavailable)
Will    .....        (no amulet)
Stlth   +            (no ring)
HPRegen 1.12/turn    (no ring)
MPRegen 0.10/turn

%: no passive effects
@: lethally poisoned (0 -> -8)
A: large, unfitting armour, claws 3, regeneration 1, shaggy fur 1, tough skin 1
a: Renounce Religion


You were on level 6 of the Dungeon.
You worshipped Trog.
Trog was noncommittal.
You visited 2 branches of the dungeon, and saw 7 of its levels.

You collected 258 gold pieces.

Inventory:

Armour
 a - a +0 robe (worn)
 b - a +0 kite shield (worn)
 q - a scarf of shadows (worn)
Jewellery
 s - an amulet of regeneration
Wands
 g - a wand of digging (7)
Scrolls
 i - 2 scrolls of teleportation
 j - a scroll of fog
 k - 2 scrolls of identify
 n - a scroll of poison {unknown}
 p - 2 scrolls of enchant armour {unknown}
 r - a scroll of amnesia {unknown}
 t - a scroll of torment {unknown}
Potions
 c - 2 potions of might
 d - a potion of mutation {unknown}
 e - 2 potions of curing {unknown}
 f - a potion of degeneration {unknown}
 h - a potion of enlightenment {unknown}
 l - a potion of invisibility {unknown}
 m - 2 potions of heal wounds {unknown}
 o - a potion of resistance {unknown}


   Skills:
 + Level 3.4 Fighting
 + Level 4.4 Dodging
 + Level 1.4 Stealth
 + Level 4.6 Shields
 + Level 7.1 Unarmed Combat


You had 7 spell levels left.
You didn't know any spells.
Your spell library contained the following spells:

 Spells                   Type           Power      Damage    Failure   Level
 Foxfire                  Conj/Fire      0%         2x1d4     73%         1
 Summon Small Mammal      Summ           0%         N/A       73%         1
 Ensorcelled Hibernation  Hex/Ice        0%         N/A       86%         2
 Passwall                 Tmut/Erth      0%         N/A       86%         2
 Call Canine Familiar     Summ           0%         N/A       97%         3
 Summon Guardian Golem    Hex/Summ       0%         N/A       97%         3
 Swiftness                Air            0%         N/A       97%         3
 Volatile Blastmotes      Fire/Tloc      0%         2d10      97%         3
 Fulminant Prism          Conj/Hex       0%         3d5       100%        4
 Iskenderun's Mystic Bla  Conj/Tloc      0%         2d3       100%        4
 Plasma Beam              Fire/Air       0%         2x1d10    100%        6
 Starburst                Conj/Fire      0%         6d3       100%        6


Dungeon Overview and Level Annotations

Branches:
Dungeon (6/15)             Temple (1/1) D:6

Altars:
Ashenzari
Cheibriados
Dithmenos
Gozag
Hepliaklqana
Kikubaaqudgha
Makhleb
Nemelex Xobeh
Okawaru
Qazlal
Ru
Sif Muna
Trog
Uskayaw
Vehumet
Wu Jian
Xom
Yredelemnul
The Shining One

Annotations:
D:4 1 runed translucent door, JaaP's ghost, amateur HORe


Innate Abilities, Weirdness & Mutations

You are too large for most types of armour.
You have claws for hands.
Your natural rate of healing is unusually fast.
You are covered in fur. (AC +1)
You have tough skin. (AC +1)


Message History

The orc closely misses you. Something hits you but does no damage.
You are more poisoned.
You feel very sick. The orc attacks as it pursues you!
The orc hits you with a +0 short sword.
* * * LOW HITPOINT WARNING * * *
You scratch the orc.
The orc is moderately wounded.
You feel very sick.
You bump into the rock wall.
You feel sick. The orc hits you with a +0 short sword.
* * * LOW HITPOINT WARNING * * *
You claw the orc!
You kill the orc!
Trog accepts your kill.
You feel sick.
You're too confused to move!
You feel sick. Something hits you but does no damage.
You closely miss something.
You feel less confused.
You feel sick. Something hits you but does no damage.
You are more poisoned.
You miss something.
You feel sick. Something hits you but does no damage.
You closely miss something.
You feel sick. Something hits you but does no damage.
You are more poisoned.
You scratch something but do no damage.
You feel very sick. Something hits you but does no damage.
You are lethally poisoned!
You miss something.
* * * LOW HITPOINT WARNING * * *
You feel very sick. Something hits you but does no damage.
You closely miss something.
* * * LOW HITPOINT WARNING * * *
You feel very sick. Something hits you but does no damage.
You are more poisoned.
You scratch something.
You die...

.....# #........###.# .....#
#........'...# .....#
########.......<##### ##'###
#......#........# # #.######
###......####'##### # #......♣
♣........# #.# # ####...###
#...)...# #.######### ......'#.#
#{# #.##<...... .....##..# #@#
#.##.###### ....♣#.._# #.#
#.##.#....# ############## #.#
#.##.#..#.# ....♣#.._#_..#♣#.#
####.##.####.# .....##..#..##...#
#.....#......#
......'#.#.#'..##################
.##....#####)..................#
######..♣#♣.)...#####....#######
............+...'...+....'.....#


There were no monsters in sight!

Vanquished Creatures
  2 ice beasts
  A black bear (D:6)
  A phantom (D:3)
  Blork the orc (D:4)
  A scorpion (D:5)
  3 wights (D:6)
  2 jellies
  3 hounds
  An orc priest (D:6)
  An iron imp (D:5)
  A sleepcap (D:4)
  4 iguanas
  An orc wizard (D:6)
  13 adders
  3 gnolls (D:3)
  A shadow imp (D:6)
  A white imp (D:6)
  An ufetubus (D:5)
  5 worms
  6 dart slugs
  10 orcs
  8 ball pythons
  3 endoplasms
  6 giant cockroaches
  11 goblins
  9 hobgoblins
  7 jackals
  5 bats
  3 frilled lizards
  5 kobolds
  3 rats
122 creatures vanquished.

Notes
Turn   | Place    | Note
-------+----------+-------------------------------------------
     0 | D:1      | Maratek the Troll Fighter began the quest for the Orb.
     0 | D:1      | Reached XP level 1. HP: 22/22 MP: 0/0
    66 | D:1      | Reached XP level 2. HP: 29/29 MP: 1/1
   304 | D:1      | Reached XP level 3. HP: 30/36 MP: 2/2
   863 | D:2      | Reached XP level 4. HP: 44/44 MP: 3/3
   954 | D:2      | Reached skill level 3 in Unarmed Combat
  1455 | D:3      | Noticed a phantom
  1468 | D:3      | Killed a phantom
  1469 | D:3      | Reached XP level 5. HP: 52/52 MP: 4/4
  2085 | D:3      | Reached skill level 4 in Unarmed Combat
  2331 | D:4      | Reached XP level 6. HP: 57/59 MP: 5/5
  2388 | D:4      | Found a broken altar of Ashenzari.
  2413 | D:4      | Found a runed translucent door.
  2435 | D:4      | Found a radiant altar of Vehumet.
  2435 | D:4      | Found an iron altar of Okawaru.
  2438 | D:4      | Noticed JaaP's ghost (amateur HORe)
  2444 | D:4      | Noticed Blork the orc
  2462 | D:4      | Killed Blork the orc
  3014 | D:5      | Entered Level 5 of the Dungeon
  3114 | D:5      | Found a snail-covered altar of Cheibriados.
  3186 | D:5      | Reached skill level 5 in Unarmed Combat
  3245 | D:5      | Reached XP level 7. HP: 58/67 MP: 6/6
  3266 | D:5      | Found a sacrificial altar of Ru.
  3660 | D:5      | Found a sparkling altar of Nemelex Xobeh.
  3808 | D:6      | Reached skill level 1 in Stealth
  3856 | D:6      | Reached skill level 6 in Unarmed Combat
  3924 | D:6      | Found an opulent altar of Gozag.
  3937 | D:6      | Found a staircase to the Ecumenical Temple.
  3948 | Temple   | Entered the Ecumenical Temple
  3994 | Temple   | Became a worshipper of Trog the Wrathful
  4097 | D:6      | Reached XP level 8. HP: 63/75 MP: 7/7
  4289 | D:6      | Reached skill level 7 in Unarmed Combat
  4572 | D:6      | Found a stormy altar of Qazlal.
  4613 | D:6      | Found a shimmering blue altar of Sif Muna.
  4703 | D:6      | HP: 3/75 [poisoned by an orc wizard]
  4704 | D:6      | Succumbed to an orc wizard's poison

Illustrated notes

Levels and vault maps discovered:
D:1:      lemuel_arrival_hallway, layout_basic
D:2:      layout_loops_ring, nicolae_half_adder
D:3:      layout_loops_corners, minmay_misc_feat_diagonals, minmay_statues_item
D:4:      layout_loops_cross, mainiacjoe_overflow_catwalk,
          gammafunk_temple_overflow_wave, ebering_ghost_sewer_d,
          uniq_blork_the_orc
D:5:      layout_basic, lemuel_crystal_altar, slow_altar_1, kennysheep_mini
D:6:      layout_basic, nicolae_overflow_quartered_altars, temple_green,
          roderic_roman_lattice
Temple:   hellmonk_temple_beads

Skill      XL: |  1  2  3  4  5  6  7  8 |
---------------+-------------------------+-----
Shields        | 3 4 |  4.6
Dodging        | 3 4 |  4.4
Unarmed Combat | 3 4 5 6 7 |  7.1
Fighting       | 3 |  3.4
Stealth        | 1 |  1.4

Action                     |  1- 3 |  4- 6 |  7- 9 || total
---------------------------+-------+-------+-------++-------
  Melee: Unarmed           |   115 |   152 |   114 ||   381
    Use: Scroll            |       |     4 |       ||     4
   Stab: Sleeping          |     2 |     1 |     2 ||     5
 Armour: Robe              |    53 |    73 |    80 ||   206
  Dodge: Dodged            |    39 |    49 |    40 ||   128
  Block: Kite shield       |    29 |    49 |    40 ||   118

Table legend: (Time is in decaauts)
 A = Elapsed time spent in this place.
 B = Non-inter-level travel time spent in this place.
 C = Inter-level travel time spent in this place.
 D = Time resting spent in this place.
 E = Time spent auto-exploring this place.
 F = Levels seen in this place.
 G = Mean time per level.
                   A        B        C        D        E       F      G
               +--------+--------+--------+--------+--------+-----+--------+
         Total |   4713 |   4539 |    174 |      0 |   3692 |   7 |  673.3 |
       Dungeon |   4629 |   4512 |    117 |      0 |   3692 |   6 |  771.5 |
        Temple |     83 |     26 |     57 |      0 |      0 |   1 |   83.0 |
               +--------+--------+--------+--------+--------+-----+--------+

Top non-repeatable levels by time:
     D:3: 901 daAuts
     D:6: 818 daAuts
     D:5: 785 daAuts
     D:2: 752 daAuts
     D:4: 705 daAuts
     D:1: 666 daAuts
  Temple: 83 daAuts
